 Dungeon Crawl Stone Soup version 0.31-a0-728-g01b46875f1 (webtiles) character file.

Game seed: 8742355768898751163

161 Newt the Trooper (level 5, -2/35 HPs)
             Began as a Gargoyle Fighter on Sept 11, 2023.
             Slain by an iguana (7 damage)
             ... on level 4 of the Dungeon.
             The game lasted 00:02:24 (2100 turns).

Newt the Trooper (Gargoyle Fighter)                 Turns: 2100, Time: 00:02:25

Health: -2/35      AC: 14    Str: 27    XL:     5   Next: 42%
Magic:  0/5        EV:  9    Int:  9    God:
Gold:   10         SH:  4    Dex:  9    Spells: 4/4 levels left

rFire   . . .        a - +0 flail (heavy)
rCold   . . .        c - +0 buckler
rNeg    + . .        b - +0 scale mail
rPois   ∞            (no helmet)
rElec   +            g - +1 cloak
rCorr   .            n - +0 pair of gloves
SInv    .            (no boots)
Will    .....        o - amulet of guardian spirit Stlth
                     m - +6 ring of strength
HPRegen 0.25/turn    (no ring)
MPRegen 0.09/turn

%: guardian spirit
@: mighty, lit by a corona, glowing
A: sickness immunity, AC +4, negative energy resistance 1, electricity
resistance, torment resistance 1, petrification resistance
a: no special abilities


You were on level 4 of the Dungeon.
You visited 1 branch of the dungeon, and saw 4 of its levels.

You collected 91 gold pieces.
You spent 81 gold pieces at shops.

Inventory:

Hand Weapons
 a - a +0 heavy flail (weapon)
Missiles
 j - 3 poisoned darts
Armour
 b - a +0 scale mail (worn)
 c - a +0 buckler (worn)
 g - a +1 cloak (worn)
 n - a +0 pair of gloves (worn)
 s - a +0 pair of gloves
Jewellery
 m - a +6 ring of strength (left hand)
 o - an amulet of guardian spirit (around neck)
Scrolls
 i - 2 scrolls of immolation
 k - a scroll of teleportation
Potions
 d - a potion of might
 e - a potion of degeneration
 h - a potion of ambrosia
 l - a potion of mutation
 r - 2 potions of brilliance {unknown}


   Skills:
 - Level 5.0 Fighting
 - Level 3.0 Maces & Flails
 + Level 4.6 Armour
 - Level 3.2 Shields


You had 4 spell levels left.
You didn't know any spells.
Your spell library contained the following spells:

 Spells                   Type           Power      Damage    Failure   Level
 Apportation              Tloc           0%         N/A       71%         1
 Magic Dart               Conj           0%         1d3       71%         1
 Necrotise                Necr           0%         1d4       71%         1
 Summon Small Mammal      Summ           0%         N/A       71%         1
 Call Imp                 Summ           0%         N/A       83%         2
 Jinxbite                 Hex            0%         N/A       83%         2
 Call Canine Familiar     Summ           0%         N/A       97%         3
 Mephitic Cloud           Conj/Pois/Air  0%         N/A       97%         3
 Summon Guardian Golem    Hex/Summ       0%         N/A       97%         3
 Alistair's Intoxication  Tmut/Pois      0%         N/A       100%        5


Dungeon Overview and Level Annotations

Branches:
Dungeon (4/15)
 Temple: D:4-7

Altars:
Makhleb

Shops:
D:2 (   D:3 *[*

Annotations:
D:4 Dowan, Duvessa


Innate Abilities, Weirdness & Mutations

You are immune to sickness and miasma.
Your stone body is resilient. (AC +4)
You are immune to poison.
You resist negative energy. (rN+)
You are resistant to electric shocks. (rElec)
You are resistant to unholy torment.
You are immune to petrification.


Message History

You feel better.
The iguana bites you but does no damage.
Duvessa hits you with a +0 short sword.
* * * LOW HITPOINT WARNING * * *
Dowan gestures at you while chanting.
You are outlined in light.
You feel better. Duvessa hits you with a +0 short sword.
* * * LOW HITPOINT WARNING * * *
The iguana bites you but does no damage.
Dowan gestures at you while chanting. The puff of frost hits you.
* * * LOW HITPOINT WARNING * * *
You feel better. Dowan hits you with a +0 dagger.
* * * LOW HITPOINT WARNING * * *
The iguana bites you.
* * * LOW HITPOINT WARNING * * *
Duvessa completely misses you.
You feel better. Duvessa hits you with a +0 short sword.
The iguana bites you but does no damage.
Dowan gestures wildly while chanting.
Dowan blinks!
Unknown command.
You barely miss Duvessa.
Duvessa is moderately wounded.
The iguana completely misses you.
Duvessa says, "When magic and the sword combine, nothing stands against them."
Duvessa hits you but does no damage.
You completely miss Duvessa.
Duvessa is moderately wounded.
The iguana closely misses you. Duvessa closely misses you.
The iguana bites you.
* * * LOW HITPOINT WARNING * * *
Duvessa closely misses you.
Unknown command.
You completely miss Duvessa.
Duvessa is moderately wounded.
You block the iguana's attack. Duvessa hits you with a +0 short sword.
* * * LOW HITPOINT WARNING * * *
The iguana bites you!
You die...

.... ### .# .$... ###
##.###.### .....
###.###........#
......
#...#.#........#
......
#.............##
#...##..#.##.##....#
##.....).#######)...#
#........# ##......#
.....#.@#.##.#.....###
...# #le#......<...#
.. ...#..(.........#
#..# #...#......## #.#
#...#......# ..
#.........## ##.
.....#... ##.###....
## .....


You could see Duvessa and an iguana.

Vanquished Creatures
  Natasha (thrice) (D:3)
  Ijyb (D:4)
  An adder (D:2)
  A worm (D:3)
  3 dart slugs
  6 endoplasms
  2 giant cockroaches
  4 goblins
  4 hobgoblins
  2 kobolds (D:2)
  3 quokkas (D:1)
  2 ball pythons
  5 bats
  5 frilled lizards
  5 rats
47 creatures vanquished.

Notes
Turn   | Place    | Note
-------+----------+-------------------------------------------
     0 | D:1      | Newt the Gargoyle Fighter began the quest for the Orb.
     0 | D:1      | Reached XP level 1. HP: 14/14 MP: 1/1
    59 | D:1      | Reached XP level 2. HP: 20/20 MP: 2/2
   155 | D:1      | Reached skill level 4 in Fighting
   634 | D:2      | Found a faded altar of an unknown god.
   660 | D:2      | Reached XP level 3. HP: 24/24 MP: 3/3
   740 | D:2      | Found a burning altar of Makhleb.
   933 | D:2      | Found Emoor's Weapon Shop.
  1045 | D:2      | Reached skill level 5 in Fighting
  1464 | D:3      | Found Satin's General Store.
  1554 | D:3      | Noticed Natasha
  1568 | D:3      | Killed Natasha
  1569 | D:3      | Reached XP level 4. HP: 22/31 MP: 2/4
  1715 | D:3      | Found Zogut's Assorted Antiques.
  1718 | D:3      | Bought a scroll of identify for 54 gold pieces
  1718 | D:3      | Bought a scroll labelled JOZILARGHAL for 27 gold pieces
  1901 | D:3      | Noticed Natasha
  1906 | D:3      | Killed Natasha
  1927 | D:3      | Found Jompurghu's Armour Shoppe.
  1959 | D:3      | Noticed Natasha
  1961 | D:3      | Killed Natasha
  1962 | D:3      | Reached XP level 5. HP: 35/35 MP: 5/5
  2075 | D:4      | Noticed Ijyb
  2083 | D:4      | Killed Ijyb
  2086 | D:4      | Noticed Duvessa
  2091 | D:4      | Noticed Dowan
  2093 | D:4      | HP: 1/35 [iguana (2)]
  2100 | D:4      | Slain by an iguana

Illustrated notes

Levels and vault maps discovered:
D:1:      dpeg_arrival_rooms_a, layout_loops_ring,
          hangedman_abyss_or_decor_lesser_grid
D:2:      layout_loops_cross, hellmonk_ecumenical_altar_blasted, serial_shops,
          shop, basic_altar, chequers_serial_rivers_micro_e,
          chequers_hall_statues_y, minivault_23
D:3:      layout_basic, serial_shops, nicolae_shop_real_fake_doors,
          nicolae_shop_crystal, shop, serial_corexii_hall,
          corexii_hall_statues_i, corexii_hall_statues_l, uniq_natasha
D:4:      layout_cave_pools, cheibrodos_worm_habitat, uniq_grinder, uniq_ijyb,
          uniq_duvessa

Skill      XL: |  1  2  3  4 |
---------------+-------------+-----
Fighting       | 4 5 |  5.0
Maces & Flails | 3 |  3.0
Armour         | 4 |  4.6
Shields        | |  3.2

Action                     |  1- 3 |  4- 6 || total
---------------------------+-------+-------++-------
  Melee: Flail             |   109 |    28 ||   137
    Use: Scroll            |     6 |     3 ||     9
         Potion            |       |     5 ||     5
 Armour: Scale mail        |    95 |    36 ||   131
  Dodge: Dodged            |    47 |    23 ||    70
  Block: Buckler           |    13 |     3 ||    16

Table legend: (Time is in decaauts)
 A = Elapsed time spent in this place.
 B = Non-inter-level travel time spent in this place.
 C = Inter-level travel time spent in this place.
 D = Time resting spent in this place.
 E = Time spent auto-exploring this place.
 F = Levels seen in this place.
 G = Mean time per level.
                   A        B        C        D        E       F      G
               +--------+--------+--------+--------+--------+-----+--------+
         Total |   2187 |   2127 |     60 |     15 |   1684 |   4 |  546.8 |
       Dungeon |   2187 |   2127 |     60 |     15 |   1684 |   4 |  546.8 |
               +--------+--------+--------+--------+--------+-----+--------+

Top non-repeatable levels by time:
     D:3: 788 daAuts
     D:2: 738 daAuts
     D:1: 612 daAuts
     D:4: 48 daAuts
